 Dungeon Crawl Stone Soup version 0.30-a0-170-g85af917532 (webtiles) character file.

Game seed: 14396102522156814130

83 drugrobin the Sneak (level 4, -1/37 HPs)
             Began as a Demigod Delver on Sept 29, 2022.
             Slain by a hobgoblin (4 damage)
             ... led by Robin
             ... on level 2 of the Dungeon on Sept 30, 2022.
             The game lasted 00:09:37 (2119 turns).

drugrobin the Sneak (Demigod Delver)                Turns: 2119, Time: 00:09:38

Health: -1/37      AC: 11    Str: 13    XL:     4   Next: 2%
Magic:  6/6        EV:  3    Int: 12    God:
Gold:   98         SH:  0    Dex: 19    Spells: 1/3 levels left

rFire   . . .      SeeInvis .    a - +0 falchion
rCold   . . .      Faith    .    (no shield)
rNeg    . . .      Spirit   .    o - +0 plate armour
rPois   .          Reflect  .    (no helmet)
rElec   .          Harm     .    f - +0 cloak
rCorr   .          Rampage  .    (no gloves)
Will    .....                    (no boots)
Stlth   ..........               (no amulet)
HPRegen 0.12/turn                t - ring of flight
MPRegen 0.10/turn                (no ring)

@: flying
A: high MP 1, forlorn, divine attributes
a: no special abilities


You were on level 2 of the Dungeon.
You visited 1 branch of the dungeon, and saw 5 of its levels.

You collected 98 gold pieces.

Inventory:

Hand Weapons
 a - a +0 falchion (weapon)
 b - a +2 whip of venom
 c - a +1 sling of freezing
Missiles
 s - 3 poisoned darts (quivered)
Armour
 f - a +0 cloak (worn)
 l - a +0 scale mail
 n - a +0 leather armour
 o - a +0 plate armour (worn)
Jewellery
 t - a ring of flight (left hand)
Wands
 g - a wand of digging (1)
Scrolls
 d - a scroll of immolation {unknown}
 h - a scroll of vulnerability {unknown}
 j - 3 scrolls of identify {unknown}
 m - a scroll of teleportation {unknown}
 u - a scroll of fog
Potions
 e - 3 potions of curing {unknown}
 i - a potion of haste
 k - a potion of brilliance {unknown}
 p - a potion of resistance {unknown}
 q - a potion of heal wounds {unknown}
 r - a potion of berserk rage {unknown}


   Skills:
 - Level 2.6 Fighting
 + Level 4.1 Long Blades
 - Level 1.7 Dodging
 - Level 4.5 Stealth


You had one spell level left.
You knew the following spells:

 Your Spells              Type           Power      Damage    Failure   Level
a - Blink                 Tloc           0%         N/A       100%        2

Your spell library contained the following spells:

 Spells                   Type           Power      Damage    Failure   Level
 Momentum Strike          Conj/Tloc      0%         3d8       100%        2
 Lesser Beckoning         Tloc           0%         N/A       100%        3


Dungeon Overview and Level Annotations

Branches:
Dungeon (5/15)
 Temple: D:4-7

Shops:
D:4 [


Innate Abilities, Weirdness & Mutations

You have an increased reservoir of magic. (+10% MP)
You shall have no god before yourself.
Your divine heritage dramatically boosts your attributes as you level up.


Message History

The sling bullet freezes Robin.
Robin is almost dead.
Robin roars a battlecry!
Robin barely misses you.
Robin hits you from afar with a +0 trident.
* * * LOW HITPOINT WARNING * * *
Robin hits you but does no damage.
Unknown command.
Unknown command.
Fire: c) +1 sling (freeze)
Press: ? - help, Q - select action, (/) - cycle Shift-Dir - straight line, f/p - Robin
Aim: Robin, wielding a +0 trident, wearing a +0 animal skin and wearing a +0 helmet (almost dead, fast, 68% to hit)
You shoot a sling bullet. The sling bullet barely misses Robin.
Robin hits you from afar with a +0 trident.
* * * LOW HITPOINT WARNING * * *
Robin hits you but does no damage. x2
Unknown command.
Unknown command.
Fire: c) +1 sling (freeze)
Press: ? - help, Q - select action, (/) - cycle Shift-Dir - straight line, f/p - Robin
Aim: Robin, wielding a +0 trident, wearing a +0 animal skin and wearing a +0 helmet (almost dead, fast, 68% to hit)
You shoot a sling bullet. The sling bullet hits Robin.
The sling bullet freezes Robin.
You kill Robin!
You have reached level 4!
Unknown command.
Unknown command.
Unknown command.
Okay, then.
Unknown command.
Unknown command.
Your +1 sling of freezing stops glowing.
a - a +0 falchion (weapon)
Unknown command.
Unknown command.
You hit the hobgoblin but do no damage.
A goblin comes into view. It is wielding a +0 club.
The hobgoblin hits you but does no damage.
The hobgoblin hits you.
You die...

##..........#P.P#...
#>..#.....###♣.♣##..
###.#....##.# #P.P##..
#####...#....'..# #8.8##..
.............#### #P.P##..
.............######♣.♣##..
..................#P.P#...
..................#♣.♣#..#
........g@........#P.P#..#
#######g####......#♣.♣#..#
#.# #......##.##..# #.#
#......##.##..#
#)##########....####
#.))## #....#### ###))#
#....##.. ##g# #....##..
#†## #....##..


You could see a hobgoblin (strong) and a goblin (strong).

Vanquished Creatures
  Robin (D:2)
  An adder (D:4)
  A dart slug (D:1)
  2 orcs (D:5)
  3 bats
  7 endoplasms
  2 giant cockroaches (D:2)
  12 goblins
  4 hobgoblins
  9 kobolds
  A quokka (D:1)
  3 ball pythons
  2 frilled lizards
  6 rats
54 creatures vanquished.

Notes
Turn   | Place    | Note
-------+----------+-------------------------------------------
     0 | D:5      | drugrobin the Demigod Delver began the quest for the Orb.
     0 | D:5      | Reached XP level 1. HP: 18/18 MP: 3/3
     9 | D:5      | Noticed an orc priest
    41 | D:5      | Noticed a necrophage
   370 | D:4      | Noticed a jelly
   374 | D:4      | Noticed an ogre
   374 | D:4      | Noticed a hound
   419 | D:4      | Found Haquuk's Antique Armour Boutique.
   426 | D:4      | Reached XP level 2. HP: 17/25 MP: 4/4
  1118 | D:1      | Reached XP level 3. HP: 30/30 MP: 5/5
  1275 | D:1      | Learned a level 2 spell: Blink
  1668 | D:1      | Upgraded the game from 0.30-a0-168-g0b976cbdc4 to
                  | 0.30-a0-170-g85af917532
  2093 | D:2      | Noticed Robin
  2117 | D:2      | Killed Robin
  2118 | D:2      | Reached XP level 4. HP: 3/37 MP: 6/6
  2119 | D:2      | Slain by a hobgoblin

Illustrated notes

Levels and vault maps discovered:
D:1:      roderic_dead_forest, layout_basic,
          shapermc_ecumenical_altar_flowoftime
D:2:      layout_basic, minmay_misc_feat_ornament, dreamdust_princess_corridor,
          minmay_tripent, uniq_robin
D:3:      layout_loops_ring, mainiacjoe_overflow_boulevard,
          hangedman_ru_absence, mainiacjoe_overflow_catwalk,
          nicolae_kite_square_tiling_tiny, kennysheep_minor_cross,
          nrook_campfire
D:4:      layout_cave_pods, grunt_ashenzari_visionary
          [grunt_ashenzari_visionary_swamp, grunt_ashenzari_visionary_spider],
          serial_shops, shop_fountains, gammafunk_ghost_stat_death,
          minmay_mini_ossuary, uniq_menkaure
D:5:      layout_basic, uniq_prince_ribbit1

Skill      XL: |  1  2  3 |
---------------+----------+-----
Long Blades    | 2 3 4 |  4.1
Fighting       | |  2.6
Dodging        | |  1.7
Stealth        | |  4.5

Action                   |  1- 3 |  4- 6 || total
-------------------------+-------+-------++-------
Melee: Falchion          |   124 |     1 ||   125
       Whip              |     1 |       ||     1
       Punch             |     1 |       ||     1
 Fire: Sling             |     8 |       ||     8
Evoke: Wand              |     2 |       ||     2
  Use: Scroll            |     2 |       ||     2
       Potion            |     1 |       ||     1
 Stab: Sleeping          |     5 |       ||     5
Armor: Leather armour    |     7 |       ||     7
       Plate armour      |    58 |     1 ||    59
Dodge: Dodged            |    48 |       ||    48

Table legend: (Time is in decaauts)
 A = Elapsed time spent in this place.
 B = Non-inter-level travel time spent in this place.
 C = Inter-level travel time spent in this place.
 D = Time resting spent in this place.
 E = Time spent auto-exploring this place.
 F = Levels seen in this place.
 G = Mean time per level.
                   A        B        C        D        E       F      G
               +--------+--------+--------+--------+--------+-----+--------+
         Total |   2117 |   2117 |      0 |    646 |    802 |   5 |  423.4 |
       Dungeon |   2117 |   2117 |      0 |    646 |    802 |   5 |  423.4 |
               +--------+--------+--------+--------+--------+-----+--------+

Top non-repeatable levels by time:
     D:1: 803 daAuts
     D:2: 611 daAuts
     D:5: 351 daAuts
     D:3: 281 daAuts
     D:4: 69 daAuts
